 Dungeon Crawl Stone Soup version 0.29.1-14-g9c671dbff4 (webtiles) character file.

Game seed: 18363485068880500948

867 Heoruswealwe the Caller (level 7, -8/38 HPs)
             Began as a Deep Elf Summoner on Feb 14, 2023.
             Mangled by a hobgoblin
             ... wielding a +0 scythe
              (12 damage)
             ... on level 4 of the Dungeon.
             The game lasted 00:57:12 (3837 turns).

Heoruswealwe the Caller (Deep Elf Summoner)         Turns: 3837, Time: 00:57:15

Health: -8/38      AC:  4    Str:  5    XL:     7   Next: 73%
Magic:  21/24      EV: 10    Int: 22    God:
Gold:   137        SH:  0    Dex: 19    Spells: 11/15 levels left

rFire   . . .      SeeInvis .   m - +1 short sword
rCold   . . .      Faith    .   (no shield)
rNeg    . . .      Spirit   .   o - +2 robe
rPois   .          Reflect  .   L - -1 helmet of Egogorr {Will+ Dex+4}
rElec   .          Harm     .   (no cloak)
rCorr   .          Rampage  .   (no gloves)
Will    +....                   (no boots)
Stlth   +++.......              (no amulet)
HPRegen 0.12/turn               g - ring of magical power
MPRegen 0.19/turn               A - ring of wizardry

@: lethally poisoned (-8 -> -11), about to teleport, constricted
A: no striking features
a: no special abilities


You were on level 4 of the Dungeon.
You visited 1 branch of the dungeon, and saw 4 of its levels.
You also visited: Ossuary.

You collected 137 gold pieces.

Inventory:

Hand Weapons
 c - a +2 short sword of venom
 d - a +0 short sword
 e - a +0 dagger
 i - a +0 club
 k - a +0 short sword
 l - a +0 whip
 m - a +1 short sword (weapon)
 n - a +0 scythe
 q - a +0 dagger
 t - a +0 club
 u - a +0 flail
 v - a +0 hand axe
 w - a +0 club
 x - a +0 whip
 z - a +0 spear
 B - a +0 club
 C - a +0 club
 D - a +0 club
 E - a +0 club
 F - a +0 dagger
 G - a +0 dagger
 H - a +0 dagger
 I - a +0 dagger
 J - a +0 dagger
 M - a +0 dagger
 N - a +0 short sword
Missiles
 h - 24 stones
 s - 5 poisoned darts
Armour
 a - a +1 robe
 f - a +0 leather armour
 j - a +0 chain mail
 o - a +2 robe (worn)
 p - a +0 scale mail
 r - a scarf of invisibility
 K - a +0 animal skin
 L - the -1 helmet of Egogorr (worn) {Will+ Dex+4}
   (You took it off Robin on level 3 of the Dungeon)

   Dex:       It affects your dexterity (+4).
   Will:      It increases your willpower.
 O - a +0 chain mail
 W - a +0 helmet
Jewellery
 g - a ring of magical power (left hand)
 A - a ring of wizardry (right hand)
Wands
 y - a wand of flame (23)
Scrolls
 P - 2 scrolls of summoning
 U - a scroll of poison
 V - a scroll of immolation
Potions
 b - 2 potions of magic
 R - a potion of invisibility
 S - a potion of attraction
 T - 2 potions of curing
 X - a potion of brilliance
 Y - a potion of degeneration


   Skills:
 + Level 1.2 Fighting
 + Level 1.4 Long Blades
 + Level 3.2 Dodging
 + Level 3.4 Stealth
 * Level 4.5 Spellcasting
 + Level 1.8 Conjurations
 + Level 2.1 Hexes
 * Level 5.4 Summonings
 + Level 1.9 Necromancy
 + Level 1.6 Translocations
 + Level 1.8 Transmutations
 + Level 1.9 Fire Magic
 + Level 1.5 Ice Magic
 + Level 1.6 Air Magic
 + Level 1.6 Earth Magic
 + Level 1.9 Poison Magic
 + Level 1.9 Invocations
 + Level 1.7 Evocations


You had 11 spell levels left.
You knew the following spells:

 Your Spells              Type           Power      Damage    Failure   Level
a - Summon Small Mammal   Summ           100%       N/A       1%          1
b - Call Canine Familiar  Summ           28%        N/A       1%          3

Your spell library contained the following spells:

 Spells                   Type           Power      Damage    Failure   Level
 Call Imp                 Summ           28%        N/A       1%          2
 Summon Guardian Golem    Hex/Summ       21%        N/A       2%          3
 Summon Lightning Spire   Summ/Air       20%        N/A       10%         4


Dungeon Overview and Level Annotations

Branches:
Dungeon (4/15)            Ossuary (visited)
 Temple: D:4-7

Altars:

Shops:
D:3 (


Message History

Your hound dies!
Your hound's corpse disappears in a puff of smoke!
The ball python barely misses you. The ball python grabs you.
The ball python constricts you.
You closely miss the ball python.
The ball python is severely wounded.
A hobgoblin comes into view. It is wielding a +0 scythe.
The hobgoblin hits the plant with a +0 scythe.
The plant begins to die.
The ball python closely misses you. The ball python constricts you.
The adder bites you.
You are poisoned.
The adder poisons you!
Casting: Call Canine Familiar (safe; 1% risk of failure)
Confirm with . or Enter, or press ? or * to list all spells.
You feel sick.
The hobgoblin hits you from afar with a +0 scythe!
The hobgoblin hits the plant with a +0 scythe.
The hobgoblin hits you from afar with a +0 scythe!
* * * LOW HITPOINT WARNING * * *
The ball python bites you but does no damage.
The ball python constricts you.
* * * LOW HITPOINT WARNING * * *
The adder closely misses you.
Okay, then.
You feel better. The ball python completely misses you.
The ball python constricts you.
The hobgoblin hits you from afar with a +0 scythe. x2
* * * LOW HITPOINT WARNING * * *
The hobgoblin hits the plant with a +0 scythe!
The adder bites you.
* * * LOW HITPOINT WARNING * * *
You are poisoned.
The adder poisons you!
As you read the scroll of teleportation, it crumbles to dust.
You feel strangely unstable.
* * * LOW HITPOINT WARNING * * *
You feel sick. The ball python misses you. The ball python constricts you.
The adder bites you but does no damage.
The hobgoblin hits you from afar with a +0 scythe!
You die...

♣~ ..... ♣♣.~ ..... ♣P~♣
... . ##♣~.♣♣# ....
..####......###.#.#
....♣~..........#.#
....~P~....:..###.#
#.~~h...........######
#>PPS@........##......
##gg♣S........########
#...g.........#.'.#.#.
#.g..g.........###'#'#'
....g...........#.'...'.
....g...........###...##
..g.............#.'...'.
................#'#'#'##
............... #.#.#...


You could see an adder (ally target), 8 hobgoblins, a ball python and a friendly
hound (summoned).

Vanquished Creatures
  A water moccasin zombie (Ossuary)
  Natasha (D:4)
  An adder (D:3)
  A giant cockroach (D:3)
  A goblin (D:3)
  2 jackals (D:3)
  A kobold (D:3)
  A gnoll zombie (Ossuary)
  A hobgoblin zombie (Ossuary)
  A kobold zombie (Ossuary)
  2 orc zombies (Ossuary)
13 creatures vanquished.

Vanquished Creatures (collateral kills)
  Sigmund (D:2)
  2 elf zombies (D:4)
  An elf skeleton (D:4)
  2 water moccasin zombies (Ossuary)
  A human zombie (D:4)
  Natasha (twice) (D:4)
  A human skeleton (D:4)
  2 mummies (Ossuary)
  Robin (D:3)
  3 adders
  3 gnolls (D:3)
  2 adder zombies (Ossuary)
  A worm (D:2)
  3 dart slugs
  9 ball pythons
  2 bats (D:1)
  8 endoplasms
  A giant cockroach (D:3)
  8 goblins
  7 hobgoblins
  A jackal (D:3)
  7 kobolds
  6 quokkas
  4 gnoll zombies (Ossuary)
  3 hobgoblin zombies (Ossuary)
  4 kobold zombies (Ossuary)
  An orc skeleton (D:4)
  4 orc zombies (Ossuary)
  4 rats
94 creatures vanquished.

Vanquished Creatures (others)
  24 plants (D:4)
24 creatures vanquished.

Grand Total: 131 creatures vanquished

Notes
Turn   | Place    | Note
-------+----------+-------------------------------------------
     0 | D:1      | Heoruswealwe the Deep Elf Summoner began the quest for the
                  | Orb.
     0 | D:1      | Reached XP level 1. HP: 10/10 MP: 6/6
   425 | D:1      | Reached XP level 2. HP: 14/15 MP: 8/8
  1382 | D:2      | Reached XP level 3. HP: 19/19 MP: 9/9
  1386 | D:2      | Noticed Sigmund
  1429 | D:1      | Learned a level 3 spell: Call Canine Familiar
  1616 | D:2      | Killed Sigmund
  1617 | D:2      | Reached skill level 1 in Conjurations
  1617 | D:2      | Reached skill level 1 in Hexes
  1617 | D:2      | Reached skill level 1 in Necromancy
  1617 | D:2      | Reached skill level 1 in Transmutations
  1617 | D:2      | Reached skill level 1 in Fire Magic
  1617 | D:2      | Reached skill level 1 in Poison Magic
  1617 | D:2      | Reached skill level 1 in Invocations
  1617 | D:2      | Reached XP level 4. HP: 17/24 MP: 11/11
  1617 | D:2      | Reached XP level 5. HP: 20/28 MP: 12/12
  1939 | D:2      | Reached skill level 1 in Air Magic
  2353 | D:3      | Reached skill level 1 in Earth Magic
  2353 | D:3      | Reached skill level 1 in Evocations
  2480 | D:3      | Found Lefixijo's Weapon Emporium.
  2485 | D:3      | Reached XP level 6. HP: 33/33 MP: 13/13
  2754 | D:3      | Reached skill level 1 in Translocations
  2762 | D:3      | Identified the -1 helmet of Egogorr {Will+ Dex+4}
  2762 | D:3      | Noticed Robin
  2764 | D:3      | Reached skill level 1 in Long Blades
  2786 | D:3      | Killed Robin
  2787 | D:3      | Reached skill level 5 in Summonings
  2787 | D:3      | Reached skill level 1 in Ice Magic
  3168 | D:4      | Found a sand-covered staircase.
  3188 | D:4      | Reached skill level 1 in Fighting
  3225 | D:4      | Reached XP level 7. HP: 38/38 MP: 15/15
  3260 | Ossuary  | Entered an ossuary
  3611 | D:4      | Noticed Natasha
  3622 | D:4      | Killed Natasha
  3781 | D:4      | Noticed Natasha
  3797 | D:4      | Killed Natasha
  3818 | D:4      | Noticed Natasha
  3825 | D:4      | Killed Natasha
  3837 | D:4      | Mangled by a hobgoblin

Illustrated notes

Levels and vault maps discovered:
D:1:      dpeg_chamrin_arrival_tetris, layout_basic
D:2:      layout_basic, uniq_sigmund
D:3:      layout_basic, serial_shops, nicolae_shop_bloodbath_and_beyond,
          uniq_robin
D:4:      layout_basic, serial_shops, shop, nicolae_shop_hallway_stairs,
          nicolae_shop_statue_plus, kennysheep_mini, shop,
          nicolae_ossuary_entry_catacombs, serial_bayou, serial_bayou_pond_a,
          serial_bayou_pond_e, serial_bayou_pond_c, serial_bayou_shore_a,
          serial_bayou_crossing, serial_bayou_lake_a, sigmund_army, uniq_natasha

Skill      XL: |  1  2  3  4  5  6  7 |
---------------+----------------------+-----
Conjurations   | 1 |  1.8
Hexes          | 1 2 |  2.1
Necromancy     | 1 |  1.9
Transmutations | 1 |  1.8
Fire Magic     | 1 |  1.9
Poison Magic   | 1 |  1.9
Invocations    | 1 |  1.9
Air Magic      | 1 |  1.6
Earth Magic    | 1 |  1.6
Evocations     | 1 |  1.7
Stealth        | 3 |  3.4
Translocations | 1 |  1.6
Long Blades    | 1 |  1.4
Summonings     | 5 |  5.4
Ice Magic      | 1 |  1.5
Dodging        | 3 |  3.2
Fighting       | 1 |  1.2
Spellcasting   | 4 |  4.5

Action                   |  1- 3 |  4- 6 |  7- 9 || total
-------------------------+-------+-------+-------++-------
Melee: Short sword       |       |    34 |   155 ||   189
       Punch             |       |     1 |     1 ||     2
 Cast: Summon Small Mamm |    48 |       |     3 ||    51
       Call Canine Famil |     3 |    21 |    12 ||    36
  Use: Scroll            |     4 |     4 |     5 ||    13
       Potion            |     4 |       |     2 ||     6
Armor: Robe              |     6 |     8 |    10 ||    24
Dodge: Dodged            |    33 |    18 |    12 ||    63
